 Dungeon Crawl Stone Soup version 0.16.2-12-gd0ad4c3 (webtiles) character file.

968623 faibistes the Archmage (level 27, -3/173 HPs)
             Began as a Deep Elf Wizard on Jan 3, 2019.
             Was the Champion of Sif Muna.
             Killed from afar by a starcursed mass (8 damage)
             ... with an accursed screaming
             ... on level 5 of the Abyss on Jan 4, 2019.
             The game lasted 10:04:31 (149077 turns).

faibistes the Archmage (Deep Elf Wizard)          Turns: 149077, Time: 10:04:31

Health: -3/173     AC: 21    Str:  6 (9)  XL:     27
Magic:  21/75      EV: 14    Int: 31 (37) God:    Sif Muna [******]
Gold:   7826       SH:  0    Dex:  6 (13) Spells: 11 memorised, 1 level left

rFire  . . .     SeeInvis +     w - staff of power
rCold  + . .     Clarity  .     b - +2 robe {Archmagi}
rNeg   + + +     SustAb   .     (no shield)
rPois  ∞         Gourm    .     I - +2 hat {SInv}
rElec  +         Spirit   .     E - +2 cloak "Osuth" {rElec MP+9 Str+2}
rCorr  .         Warding  .     Q - +2 pair of gloves {archery}
rMut   +         Stasis   .     R - +2 pair of boots {Fly}
MR     +++..                    L - amulet of resist mutation
Stlth  ++........               C - ring "Keages" {MP+9 Str+3}
                                T - ring of wizardry

@: lich-form, flying, very slightly contaminated, deflect missiles, extremely
resistant to hostile enchantments, unstealthy
A: hooves 1
a: End Transformation, Channel Energy, Forget Spell, Renounce Religion, Stop
Flying
}: 6/15 runes: barnacled, slimy, silver, golden, abyssal, gossamer


You were on level 5 of the Abyss.
You worshipped Sif Muna.
Sif Muna was exalted by your worship.
You were not hungry.
You were a lich.
You visited 14 branches of the dungeon, and saw 69 of its levels.
You visited the Abyss 1 time.

You collected 14068 gold pieces.
You spent 6242 gold pieces at shops.

Inventory:

Armour
 b - a +2 robe of the Archmagi (worn)
 E - the +2 cloak "Osuth" (worn) {rElec MP+9 Str+2}
   (You found it on level 3 of the Elven Halls)

   It affects your strength (+2).
   It insulates you from electricity.
   It affects your magic capacity (+9).
 I - a +2 hat of see invisible (worn)
 K - the +0 robe of the Tortoise {Regen+ rCorr}
   (You bought it in a shop on level 4 of the Orcish Mines)

   It increases your rate of regeneration.
   It protects you from acid and corrosion.
 Q - a +2 pair of gloves of archery (worn)
 R - a +2 pair of boots of flying (worn)
Magical staves
 w - an uncursed staff of power (weapon)
Rods
 r - a cursed +0 rod of destruction (9/9)
   (You took it off a minotaur on level 5 of the Depths)
Jewellery
 t - an uncursed amulet of warding
 C - the ring "Keages" (right hand) {MP+9 Str+3}
   (You took it off a deep elf demonologist on level 3 of the Elven Halls)

   [ring of magical power]

   It affects your strength (+3).
   It affects your magic capacity (+9).
 L - an amulet of resist mutation (around neck)
 T - a ring of wizardry (left hand)
 W - an uncursed ring of sustain abilities
Magical devices
 a - a wand of teleportation (4)
 o - a wand of cold (9)
 p - a wand of hasting (4)
 s - a wand of fire (5)
 u - a wand of enslavement (8)
 v - a wand of heal wounds (0)
 H - a wand of teleportation (5)
 X - a wand of fireball (3)
Scrolls
 c - 14 scrolls of recharging
 f - 5 scrolls of magic mapping
 g - 27 scrolls of remove curse
 n - 2 scrolls of holy word
 A - 8 scrolls of immolation
 D - 4 scrolls of summoning
 G - 5 scrolls of teleportation
 N - 18 scrolls of identify
 O - 10 scrolls of fog
 P - 4 scrolls of torment
 S - 5 scrolls of blinking
 Y - 19 scrolls of fear
Potions
 e - 8 potions of haste
 h - 6 potions of restore abilities
 i - 6 potions of resistance
 l - 20 potions of curing
 q - 2 potions of cure mutation
 x - a potion of magic
 z - 6 potions of brilliance
 F - 8 potions of ambrosia
 J - 3 potions of cancellation
 M - 3 potions of invisibility
 U - 9 potions of heal wounds
Miscellaneous
 j - a phial of floods
Comestibles
 d - 28 bread rations
 k - 29 meat rations


   Skills:
 + Level 18.0 Fighting
 - Level 10.0 Dodging
 - Level 2.4 Stealth
 O Level 27 Spellcasting
 + Level 25.0 Conjurations
 - Level 12.2 Charms
   Level 5.2 Summonings
 - Level 17.0 Necromancy
 - Level 12.0 Translocations
 + Level 14.4 Transmutations
 + Level 24.9 Fire Magic
 + Level 19.2 Ice Magic
 - Level 3.1 Air Magic
 + Level 24.9 Earth Magic
   Level 2.1 Poison Magic
 * Level 17.9 Invocations
 - Level 9.0 Evocations


You had one spell level left.
You knew the following spells:

 Your Spells              Type           Power        Failure   Level  Hunger
a - Lehudib's Crystal Sp  Conj/Erth      ########..   1%          8    N/A
b - Ring of Flames        Chrm/Fire      ########..   1%          7    N/A
c - Glaciate              Conj/Ice       ########..   4%          9    N/A
d - Controlled Blink      Tloc           N/A          1%          7    N/A
f - Deflect Missiles      Chrm/Air       #######...   1%          6    N/A
h - Haste                 Chrm           ########     1%          6    N/A
i - Necromutation         Trmt/Necr      ########..   4%          8    N/A
l - Shatter               Erth           ########..   1%          9    N/A
v - Bolt of Fire          Conj/Fire      ########..   0%          6    N/A
x - Force Lance           Conj/Tloc      ########     0%          4    N/A
z - Fire Storm            Conj/Fire      ########..   1%          9    N/A

Dungeon Overview and Level Annotations

Branches:
Dungeon (15/15)            Temple (1/1) D:5            Lair (8/8) D:10
 Shoals (5/5) Lair:3       Spider (5/5) Lair:3        Slime (6/6) Lair:6
    Orc (4/4) D:9             Elf (3/3) Orc:4        Vaults (5/5) D:14
  Crypt (3/3) Vaults:2       Tomb (3/3) Crypt:3      Depths (5/5) D:15
   Hell (1/1)                 Dis (0/7) Hell            Geh (0/7) Hell
    Coc (0/7) Hell            Tar (0/7) Hell            Zot (5/5) Depths:5

Altars:
Ashenzari
Cheibriados
Dithmenos
Elyvilon
Fedhas
Gozag
Kikubaaqudgha
Makhleb
Nemelex Xobeh
Okawaru
Qazlal
Ru
Sif Muna
Trog
Vehumet
Xom
Yredelemnul
Zin
The Shining One
Beogh

Shops:
D:4 (   D:6 (   D:8 *   D:9 (   D:10 :   Orc:2 %   Orc:4 [!}*   Elf:3 !:*(
Shoals:2 *   Shoals:4 ([*%(   Vaults:1 [   Vaults:2 [   Vaults:5 }}!%?!
Depths:1 ?   Depths:2 [[!(

Portals:
Hell: Depths:1 Depths:2 Depths:3 Depths:4 Depths:5
Abyss: Depths:1 Depths:2 Depths:4
Pandemonium: Orc:4 Depths:3
Ziggurat: Depths:2

Annotations:
Elf:1 Kirke


Innate Abilities, Weirdness & Mutations

You have large cloven feet.


Message History

* * * LOW HITPOINT WARNING * * *
The starcursed mass is engulfed in freezing vapours.
A starcursed mass splits.
A chorus of shrieks assaults your mind.
* * * LOW HITPOINT WARNING * * *
The starcursed mass shudders and is absorbed by its neighbour.
Casting: Glaciate
Confirm with . or Enter, or press ? or * to list all spells.
Aiming: Lehudib's Crystal Spear
Press: ? - help, Shift-Dir - straight line, f - large abomination
Aim: a large abomination (haloed)
You feel a surge of power!
The crystal spear hits the large abomination.
You destroy the large abomination!
The daeva calls down the wrath of the Shining One upon you.
Something smites you!
* * * LOW HITPOINT WARNING * * *
The starcursed mass is engulfed in freezing vapours.
The starcursed mass shrieks in your mind.
You die...

#.. #..## § # # . .
.... . .... ...§ .. .
.. .##.. #..# §§# . .
#..##..##.§##§§##
#..... .
........§§§§§..
..............§§8§....
. .. ..#..##..##L§# .§#
†.....
..##.§##.§##§§##. .
...............§§§§§§§.
. .X...........§X§§§§§.
# #§§
#..##..##..##..##§. # .
#. #v.##.A##..##..##
... .§v§...........3...
. ..#..§....
........... .##
#.##§.##..##..##..##


You could see a starcursed mass, a daeva and a chaos spawn (wandering).

Vanquished Creatures
  the royal jelly (Slime:6)
  The ghost of faibistes the Archmage, a legendary DEWz of Sif Muna (Tomb:1)
  7 orbs of fire
  30 greater mummies
  8 ancient liches
  The ghost of faibistes the Sorcerer, a great DEWz of Sif Muna (Depths:2)
  Margery (Crypt:1)
  Norris (Shoals:3)
  2 caustic shrikes (Depths:2)
  2 Killer Klowns (Zot:5)
  5 curse toes
  A caustic shrike (shapeshifter) (Depths:3)
  Geryon (Hell)
  7 golden dragons
  4 bone dragons
  The ghost of faibistes the Sorcerer, a great DEWz of Sif Muna (Depths:3)
  2 profane servitors
  Jory (Tomb:2)
  Frederick (Crypt:1)
  Arachne (Spider:3)
  Nikola (Vaults:2)
  7 electric golems
  14 tentacled monstrosities
  A Hell Sentinel (Abyss:5)
  30 acid blobs
  24 Orb Guardians (Zot:5)
  2 deep elf blademasters
  A deep elf master archer (Elf:3)
  3 quicksilver dragons
  2 titans (Vaults:5)
  2 krakens (Shoals:2)
  A Shadow Fiend (Tomb:3)
  5 liches
  17 sphinxes
  23 tentacled starspawn
  10 ancient champions
  2 octopode crushers
  3 Executioners (Abyss:5)
  Agnes (Elf:3)
  8 tengu reavers
  13 shadow dragons
  11 storm dragons
  4 draconian monks
  12 azure jellies
  Ilsuiw (Shoals:5)
  9 revenants
  17 vault wardens
  2 iron dragons (Vaults:5)
  14 frost giants
  7 draconian scorchers
  Maud (Lair:7)
  7 ghost moths
  3 cacodemons
  3 orc warlords
  3 balrugs
  8 draconian knights
  A curse skull (Crypt:3)
  15 fire giants
  5 draconian zealots
  Gastronok (D:11)
  23 emperor scorpions
  6 ghouls
  An angel (Abyss:5)
  24 ironheart preservers
  17 very ugly things
  The ghost of faibistes the Eclecticist, a powerful DEWz of Sif Muna (Elf:2)
  Jorgrun (Crypt:1)
  7 draconian annihilators
  11 deep elf sorcerers (Elf:3)
  4 spriggan defenders
  15 reapers
  4 war gargoyles
  12 deep elf demonologists
  5 draconian shifters
  2 draconian callers
  2 salamander firebrands (Hell)
  6 grey draconians
  12 green draconians
  34 stone giants
  An ophan (Abyss:5)
  The ghost of pedritolo the Unseen, a mighty SpEn of Dithmenos (Slime:6)
  A lorocyproca (Depths:3)
  7 purple draconians
  15 deep elf annihilators
  10 white draconians
  19 yellow draconians
  13 bennus
  10 black draconians
  The ghost of pedritolo the Unseen, a powerful SpEn of Dithmenos (Slime:6)
  3 dire elephants
  5 mottled draconians
  6 pale draconians
  10 red draconians
  10 unborn
  4 vampire knights
  An ettin (shapeshifter) (Depths:5)
  3 blizzard demons
  2 eidola
  15 ettins
  7 merfolk javelineers (Shoals:5)
  8 death oozes (Slime:6)
  9 crystal guardians
  6 deep elf death magi
  22 fire dragons
  21 mummy priests
  2 green deaths (Abyss:5)
  18 merfolk impalers
  6 deep elf high priests
  30 jiangshi
  A fire dragon (shapeshifter) (Depths:3)
  34 yaktaur captains
  16 death cobs
  A spectral golden dragon (Crypt:3)
  9 rakshasas
  9 great orbs of eyes
  2 hell beasts (Hell)
  2 ice dragons (shapeshifter) (Depths:3)
  31 vault guards
  3 minotaurs
  26 ice dragons
  A naga warrior (Abyss:4)
  An anaconda (shapeshifter) (Vaults:5)
  5 spriggan air magi
  A ghost crab (Abyss:5)
  Nessos (Spider:1)
  3 merfolk avatars
  16 centaur warriors
  A ghost crab (shapeshifter) (Abyss:5)
  Erica (D:14)
  7 hydras
  3 alligator snapping turtles
  A catoblepas (shapeshifter) (Vaults:4)
  16 dancing weapons
  17 ogre magi
  4 catoblepae
  33 death yaks
  12 merfolk aquamancers
  16 deep troll earth magi
  4 satyrs (Shoals:3)
  13 deep troll shamans
  2 tengu warriors (Depths:2)
  6 orc high priests (Orc:4)
  4 death knights
  A titan zombie (Tomb:3)
  7 vampire magi
  35 thrashing horrors
  10 spriggan berserkers
  Urug (Shoals:1)
  9 soul eaters
  A satyr (shapeshifter) (Depths:3)
  2 iron golems (Hell)
  A shock serpent (shapeshifter) (Vaults:5)
  11 sun demons
  Nergalle (Lair:5)
  3 salamander mystics (Depths:3)
  11 hell hogs
  A storm dragon zombie (Vaults:5)
  2 ice devils
  Erolcha (D:8)
  5 fire crabs
  19 deep elf knights
  33 deep trolls
  A titan skeleton (Crypt:1)
  23 wretched stars
  29 hell knights
  8 unseen horrors
  7 spriggans
  45 skeletal warriors
  8 spatial maelstroms
  6 iron trolls
  A putrid demonspawn (Orc:4)
  8 flayed ghosts
  7 shadow wraiths
  22 sea snakes
  45 death scarabs
  A golden dragon zombie (Abyss:4)
  An infernal demonspawn (Orc:4)
  3 wizards
  An anaconda zombie (Crypt:1)
  5 giant orange brains
  77 starcursed masses
  22 deep elf summoners
  13 hill giants
  26 anubis guards
  2 shadow demons (Abyss:5)
  A swamp dragon (Zot:3)
  A shadow dragon zombie (Abyss:1)
  18 orb spiders
  20 ironbrand convokers
  A torturous demonspawn (Orc:4)
  An anaconda skeleton (Abyss:3)
  25 deep elf conjurers
  An anubis guard (shapeshifter) (Depths:5)
  26 orc knights
  A sphinx zombie (Vaults:4)
  A wolf spider zombie (D:14)
  An orb spider (shapeshifter) (Vaults:4)
  6 hornets
  36 wolf spiders
  5 shining eyes
  61 ugly things
  A draconian zombie (Zot:3)
  11 orc sorcerers
  26 harpies
  12 phantasmal warriors
  A statue (Abyss:5)
  22 griffons
  8 water nymphs
  A harpy (shapeshifter) (Vaults:3)
  2 stone giant zombies
  A hell hog zombie (Hell)
  14 manticores
  7 worldbinders
  A fire giant zombie (Tomb:1)
  A manticore (shapeshifter) (Vaults:5)
  5 deathcaps (Zot:1)
  A draconian (shapeshifter) (Vaults:1)
  20 fauns
  An octopode (shapeshifter) (Depths:3)
  13 necromancers
  7 oklob plants
  12 sirens
  21 moths of wrath
  2 hornets (shapeshifter)
  12 sixfirhies
  11 cyclopes
  2 stone giant skeletons
  20 elephants
  2 eyes of devastation
  4 black mambas
  2 frost giant skeletons
  A guardian serpent (Abyss:3)
  Joseph (D:8)
  3 human skeletons
  A molten gargoyle (Hell)
  28 smoke demons
  2 gargoyles
  19 vault sentinels
  4 centaur skeletons
  An orange crystal statue (Depths:4)
  8 apocalypse crabs
  A dire elephant skeleton (Abyss:5)
  A torpor snail (Depths:4)
  An anaconda simulacrum (Depths:3)
  10 spiny frogs
  11 rust devils
  5 naga magi (Depths:3)
  A queen ant (shapeshifter) (Depths:3)
  A redback zombie (D:14)
  8 orange demons
  A purple draconian zombie (Crypt:2)
  3 yellow draconian zombies (Zot:3)
  A catoblepas zombie (D:15)
  A grey draconian zombie (Zot:3)
  7 efreet
  2 tengu conjurers
  3 elves (shapeshifter)
  14 demonic crawlers
  9 komodo dragons
  21 ancient zymes
  3 tormentors
  4 fire drakes
  34 guardian mummies
  3 hellions
  86 yaktaurs
  6 hellwings
  6 kobold demonologists
  A demonic crawler zombie (Abyss:5)
  A ghoul skeleton (Crypt:3)
  A hydra zombie (Hell)
  5 blue devils
  37 deep elf priests
  20 freezing wraiths
  4 wandering mushrooms (Zot:1)
  A sphinx simulacrum (Vaults:5)
  A queen bee (D:11)
  31 jumping spiders
  15 blink frogs
  11 trolls
  69 fire vortices
  49 merfolk
  8 wind drakes
  6 red devils
  2 polar bears
  A bog body (Crypt:3)
  A trapdoor spider zombie (D:10)
  A harpy skeleton (Crypt:3)
  2 hydra skeletons
  2 ravens
  14 two-headed ogres
  A spectral swamp dragon (Tomb:3)
  26 ushabtiu
  A hornet zombie (D:14)
  102 slime creatures
  18 snapping turtles
  8 boulder beetles
  78 flying skulls
  A frost giant simulacrum (Tomb:3)
  64 large abominations
  A baby alligator (shapeshifter) (Vaults:5)
  40 raiju
  A spriggan (shapeshifter) (Vaults:5)
  2 raiju (shapeshifter)
  6 vampires
  4 ynoxinuls
  2 basilisks (shapeshifter)
  32 small abominations
  31 trapdoor spiders
  7 air elementals
  An alligator skeleton (Hell)
  2 basilisks
  An ettin skeleton (Vaults:5)
  25 deep elf magi
  29 redbacks
  30 tarantellas
  2 ice dragon skeletons
  A redback (shapeshifter) (Vaults:2)
  4 wyverns
  A yak (shapeshifter) (Vaults:2)
  A black mamba zombie (Tomb:3)
  46 yaks
  28 water elementals
  9 wraiths
  A human simulacrum (Vaults:4)
  12 shadows
  3 humans (shapeshifter)
  2 yaktaur simulacra
  A spectral elf (Crypt:3)
  3 humans (Abyss:3)
  4 fire bats (Abyss:3)
  A golden eye (shapeshifter) (Vaults:2)
  A hog (shapeshifter) (Vaults:3)
  17 chaos spawn
  5 fire elementals
  10 vampire mosquitoes
  40 deep elf fighters
  A hungry ghost (Abyss:5)
  A spectral spiny frog (Crypt:3)
  6 hogs
  7 wargs
  A human zombie (Crypt:1)
  2 insubstantial wisps (Abyss:5)
  24 spatial vortices
  A hippogriff (shapeshifter) (Elf:3)
  An emperor scorpion simulacrum (Crypt:3)
  16 hippogriffs
  9 mottled dragons
  12 water moccasins
  24 neqoxecs
  A putrid demonspawn zombie (Orc:4)
  A baby alligator zombie (Crypt:2)
  A spectral snapping turtle (Crypt:3)
  An infernal demonspawn zombie (Orc:4)
  2 spiny frog zombies (Hell)
  A naga (Abyss:4)
  27 wolves
  2 soldier ants (D:15)
  4 hydra simulacra
  69 orc warriors
  11 porcupines
  42 ogres
  4 sky beasts
  6 necrophages
  An ice beast (shapeshifter) (Depths:2)
  9 ice beasts
  10 hell hounds (Abyss:5)
  3 phantoms
  2 orc zombies (Orc:4)
  A swamp drake (Abyss:5)
  35 spiders
  2 fire dragon simulacra
  4 black bears
  10 wasps
  An ettin simulacrum (Abyss:5)
  A lindwurm zombie (Crypt:2)
  12 crocodiles
  An anubis guard skeleton (Crypt:2)
  A lost soul (Crypt:3)
  9 boggarts
  13 eyes of draining
  26 centaurs
  2 boggarts (shapeshifter)
  2 boring beetles
  11 big kobolds
  22 giant frogs
  A fire drake zombie (Crypt:1)
  An earth elemental (Abyss:5)
  A dryad zombie (Crypt:2)
  Blork the orc (D:4)
  A brain worm (Abyss:4)
  A hell hound zombie (Abyss:5)
  4 wyvern skeletons
  37 jellies
  A spiny frog simulacrum (Hell)
  11 scorpions
  40 killer bees
  3 raiju zombies (Abyss:5)
  A scorpion (shapeshifter) (Depths:2)
  3 jellies (shapeshifter) (Vaults:4)
  18 wights
  11 crimson imps
  5 electric eels
  5 goliath beetles
  A goliath beetle (shapeshifter) (Depths:2)
  6 centaur zombies
  5 hell rats
  A quasit (Abyss:3)
  Crazy Yiuf (D:4)
  39 orc priests
  A gnoll shaman (D:6)
  12 hounds
  3 giant frog skeletons
  6 iron imps
  26 orc wizards
  9 iguanas
  6 lightning spires (Abyss:5)
  18 worker ants
  A big kobold zombie (D:7)
  27 sheep
  Ijyb (D:7)
  A tengu zombie (Tomb:1)
  An ogre skeleton (Crypt:1)
  A necrophage skeleton (Crypt:3)
  43 mummies
  2 worker ant zombies (D:11)
  13 gnolls
  57 river rats
  24 adders
  6 shadow imps
  4 giant mites
  A worm zombie (Crypt:1)
  A white imp (Abyss:3)
  A giant eyeball (shapeshifter) (Vaults:4)
  4 worms
  6 ufetubi
  A sheep zombie (Crypt:2)
  2 adder zombies
  2 adder skeletons (D:4)
  11 giant geckos
  2 oozes
  185 orcs
  4 ball pythons
  25 bats
  5 bat skeletons
  A bat zombie (D:5)
  9 giant cockroaches
  25 hobgoblins
  7 jackals
  12 quokkas
  4 giant newts
  2 giant spores
  22 goblins
  45 kobolds
  A lurking horror (Abyss:5)
  A quokka zombie (D:5)
  17 rats
  A spectral orc (Lair:5)
  7 ballistomycetes
  37 blocks of ice
  4 bushes (Lair:7)
  8 butterflies (Abyss:5)
  2 crawling corpses (Abyss:5)
  4 fungi
  21 plants
  15 starspawn tentacles
  A starspawn tentacle segment (Abyss:3)
  3 tentacles (Shoals:2)
  A tentacle segment (Shoals:2)
4804 creatures vanquished.

Vanquished Creatures (collateral kills)
  An ancient lich (Zot:5)
  3 greater mummies
  A lich (Depths:5)
  4 acid blobs
  An Orb Guardian (Zot:5)
  A sphinx (Tomb:1)
  A storm dragon (Zot:3)
  2 vault wardens (Vaults:5)
  An ironheart preserver (Vaults:5)
  A grey draconian (Zot:3)
  A green draconian (Zot:2)
  A bennu (Tomb:3)
  A black draconian (Zot:2)
  A mottled draconian (Zot:2)
  A white draconian (Zot:2)
  An unborn (Hell)
  A death ooze (Slime:6)
  A mummy priest (Tomb:1)
  A hell hog (Abyss:5)
  A deep troll (Vaults:4)
  An anaconda zombie (Hell)
  A skeletal warrior (Hell)
  3 death scarabs
  A smoke demon (Abyss:4)
  A dire elephant zombie (Tomb:1)
  An eye of devastation (Slime:6)
  A white draconian zombie (Zot:3)
  7 blink frogs (Lair:2)
  A raiju (Abyss:5)
  2 slime creatures
  2 ushabtiu
  2 shadows (Crypt:3)
  2 redbacks (Elf:1)
  A tarantella (Elf:1)
  2 large abominations (Abyss:5)
  A hippogriff (D:9)
  A warg (Orc:3)
  3 orc warriors
  An ogre (Orc:1)
  A necrophage (Crypt:3)
  3 small abominations
  A killer bee (D:7)
  2 quasits (D:9)
  11 starcursed masses
  2 orc priests (Orc:1)
  8 jellies
  An orc wizard (Orc:2)
  A bog body skeleton (Crypt:3)
  2 hell rats
  9 mummies
  An adder (D:3)
  2 worms
  An ufetubus (Abyss:4)
  45 orcs
  A ball python (D:2)
  4 hobgoblins
  2 quokkas
  2 kobolds (D:2)
  An orc simulacrum (Tomb:1)
  A block of ice (Tomb:2)
  A butterfly (Abyss:5)
  A starspawn tentacle (Abyss:5)
  A starspawn tentacle segment (Abyss:4)
164 creatures vanquished.

Vanquished Creatures (others)
  A quicksilver dragon zombie (Tomb:2)
  A large abomination (Zot:5)
  7 death scarabs
  An anubis guard (Tomb:2)
  A moth of wrath (Zot:5)
  A drowned soul (Shoals:3)
  A merfolk (Shoals:5)
  829 fire vortices
  12 flying skulls (Tomb:2)
  A black mamba zombie (Tomb:2)
  A spiny frog zombie (Tomb:2)
  3 boggarts (D:14)
  A tengu (shapeshifter) (D:14)
  A small abomination (Abyss:5)
  An ogre (Vaults:1)
  6 lost souls
  2 crimson imps (D:2)
  A hell rat (Hell)
  2 mummies (Tomb:2)
  A shadow imp (D:3)
  An orc skeleton (Orc:4)
  2 white imps (D:9)
  3 lurking horrors (Abyss:5)
  83 blocks of ice
  54 fungi
  52 plants
  577 snaplasher vine segments
  29 starspawn tentacles
  152 starspawn tentacle segments
  16 tentacles (Shoals:2)
  442 tentacle segments (Shoals:2)
2285 creatures vanquished.

Grand Total: 7253 creatures vanquished

Notes
Turn   | Place    | Note
--------------------------------------------------------------
     0 | D:1      | faibistes, the Deep Elf Wizard, began the quest for the Orb.
     0 | D:1      | Reached XP level 1. HP: 10/10 MP: 6/6
   280 | D:1      | Reached XP level 2. HP: 10/15 MP: 0/9
   284 | D:1      | Learned a level 2 spell: Blink
   287 | D:1      | Learned a level 2 spell: Call Imp
   806 | D:2      | Reached XP level 3. HP: 19/19 MP: 10/13
   994 | D:1      | Learned a level 3 spell: Conjure Flame
   998 | D:1      | Learned a level 3 spell: Mephitic Cloud
  1004 | D:1      | Reached skill level 5 in Spellcasting
  2232 | D:2      | Reached XP level 4. HP: 12/24 MP: 3/17
  2244 | D:2      | Learned a level 2 spell: Repel Missiles
  3222 | D:3      | Noticed a centaur
  3231 | D:3      | Killed a centaur
  3231 | D:3      | Reached skill level 6 in Spellcasting
  3231 | D:3      | Reached XP level 5. HP: 28/28 MP: 8/20
  3328 | D:5      | Entered Level 5 of the Dungeon
  3679 | D:4      | Reached XP level 6. HP: 32/32 MP: 9/22
  4462 | D:4      | Reached skill level 7 in Spellcasting
  4601 | D:3      | Reached skill level 1 in Evocations
  4825 | D:4      | Got a warped quarterstaff
  4826 | D:4      | Identified the cursed +3 quarterstaff of Insomnia {venom, rPois Int+3} (You found it on level 4 of the Dungeon)
  4830 | D:4      | Found Elups' Weapon Emporium.
  5041 | D:4      | Reached skill level 1 in Fighting
  5128 | D:4      | Noticed Blork the orc
  5135 | D:4      | Killed Blork the orc
  5135 | D:4      | Reached XP level 7. HP: 27/38 MP: 16/25
  5529 | D:6      | Reached skill level 8 in Spellcasting
  5717 | D:7      | Reached skill level 5 in Dodging
  5907 | D:4      | Noticed Crazy Yiuf
  5917 | D:4      | Killed Crazy Yiuf
  6336 | D:6      | Reached XP level 8. HP: 45/45 MP: 11/27
  6459 | D:5      | Found a deep blue altar of Sif Muna.
  6465 | D:5      | Became a worshipper of Sif Muna the Loreminder
  6499 | D:5      | Noticed a necrophage
  6536 | D:5      | Killed a necrophage
  6536 | D:5      | Reached skill level 1 in Fire Magic
  6780 | D:5      | Noticed a water moccasin
  6787 | D:5      | Killed a water moccasin
  6787 | D:5      | Reached skill level 1 in Air Magic
  6993 | D:5      | Found a staircase to the Ecumenical Temple.
  7008 | Temple   | Entered the Ecumenical Temple
  7341 | D:6      | Reached skill level 1 in Poison Magic
  7793 | D:6      | Acquired Sif Muna's first power
  7883 | D:6      | Found Huut's Antique Weapon Emporium.
  7997 | D:6      | Reached skill level 9 in Spellcasting
  8757 | D:6      | Reached skill level 5 in Conjurations
  8895 | D:7      | Noticed Ijyb
  8937 | D:7      | Killed Ijyb
  9135 | D:7      | Acquired Sif Muna's second power
  9136 | D:7      | Reached XP level 9. HP: 49/49 MP: 19/29
  9420 | D:7      | Reached skill level 1 in Charms
  9924 | D:7      | Found a basalt altar of Yredelemnul.
 10036 | D:7      | Reached skill level 1 in Invocations
 10378 | D:8      | Found a shimmering altar of Xom.
 10379 | D:8      | Found a shimmering altar of Xom.
 10380 | D:8      | Found a shimmering altar of Xom.
 10380 | D:8      | Found a shimmering altar of Xom.
 10381 | D:8      | Found a shimmering altar of Xom.
 10381 | D:8      | Found a shimmering altar of Xom.
 10382 | D:8      | Found a shimmering altar of Xom.
 10513 | D:8      | Found a shimmering altar of Xom.
 10570 | D:8      | Noticed Joseph
 10596 | D:8      | Killed Joseph
 10596 | D:8      | Reached skill level 10 in Spellcasting
 11127 | D:8      | Reached XP level 10. HP: 29/56 MP: 19/31
 11569 | D:9      | Reached skill level 5 in Fire Magic
 11695 | D:8      | Got a pair of slimy gloves
 11706 | D:8      | Identified the cursed -2 pair of gloves "Numi" {rElec rC+ MR-} (You found it on level 8 of the Dungeon)
 11883 | D:8      | Noticed Erolcha
 11885 | D:8      | Found Bliof's Assorted Antiques.
 12143 | D:8      | Killed Erolcha
 12266 | D:8      | Bought a pair of embroidered boots for 135 gold pieces
 13064 | D:8      | Noticed a swamp dragon
 13078 | D:8      | a swamp dragon changed into a queen bee
 13148 | D:8      | Acquired Sif Muna's third power
 13269 | D:9      | Found a staircase to the Orcish Mines.
 13403 | D:9      | Found Feidox's Antique Weapon Emporium.
 13471 | D:10     | Entered Level 10 of the Dungeon
 13585 | D:9      | Reached skill level 5 in Charms
 13752 | D:9      | Reached skill level 11 in Spellcasting
 13997 | D:9      | Reached skill level 5 in Invocations
 14407 | D:9      | Identified a scroll of acquirement
 14415 | D:9      | Learned a level 5 spell: Fireball
 14420 | D:9      | Learned a level 4 spell: Sticky Flame
 14609 | D:9      | Found a roughly hewn altar of Beogh.
 14738 | D:9      | Found a burning altar of Makhleb.
 14997 | D:11     | Reached skill level 5 in Evocations
 15007 | D:11     | Noticed a manticore
 15018 | D:11     | Killed a manticore
 15018 | D:11     | Reached XP level 11. HP: 61/61 MP: 0/33
 15493 | D:10     | Found a staircase to the Lair.
 15700 | D:10     | Noticed a hill giant
 15708 | D:10     | Killed a hill giant
 15776 | D:10     | Found Zuusam's Book Shoppe.
 15979 | D:10     | Bought a book of Hinderance for 240 gold pieces
 15984 | D:10     | Learned a level 4 spell: Petrify
 16540 | Lair:1   | Entered Level 1 of the Lair of Beasts
 17187 | Lair:1   | Reached skill level 1 in Earth Magic
 17229 | Lair:1   | Reached skill level 1 in Transmutations
 17614 | Lair:2   | Learned a level 5 spell: Ignite Poison
 17971 | Lair:2   | Noticed an eight-headed hydra
 17974 | Lair:2   | Killed an eight-headed hydra
 17999 | Lair:2   | Reached skill level 12 in Spellcasting
 18116 | Lair:2   | Learned a level 5 spell: Summon Forest
 18888 | Lair:2   | Received a gift from Sif Muna
 18891 | Lair:2   | Identified Sif Muna's Catalogue of Earthen Attacks (Sif Muna gifted it to you on level 2 of the Lair of Beasts)
 18994 | Lair:3   | Noticed a death yak
 18996 | Lair:3   | Noticed a death yak
 18997 | Lair:3   | Noticed a death yak
 18997 | Lair:3   | Noticed a death yak
 18999 | Lair:3   | Killed a death yak
 18999 | Lair:3   | Reached XP level 12. HP: 67/67 MP: 3/35
 18999 | Lair:3   | Killed a death yak
 19004 | Lair:3   | Killed a death yak
 19004 | Lair:3   | Killed a death yak
 19004 | Lair:3   | Reached skill level 5 in Translocations
 19849 | Lair:2   | Learned a level 5 spell: Iskenderun's Battlesphere
 19907 | Lair:3   | Found a staircase to the Shoals.
 20110 | Lair:3   | Reached skill level 5 in Summonings
 20321 | Lair:3   | Found a hole to the Spider Nest.
 21471 | Lair:4   | Reached skill level 13 in Spellcasting
 22217 | Lair:4   | Reached skill level 5 in Fighting
 22603 | Lair:6   | Received a gift from Sif Muna
 22607 | Lair:6   | Identified Sif Muna's Compendium of Spatial Battle Magic (Sif Muna gifted it to you on level 6 of the Lair of Beasts)
 22620 | Lair:6   | Reached XP level 13. HP: 67/72 MP: 1/36
 22705 | Lair:2   | Learned a level 3 spell: Stone Arrow
 23353 | Lair:5   | Noticed Nergalle
 23538 | Lair:5   | Killed Nergalle
 25652 | Lair:7   | Reached skill level 5 in Earth Magic
 26198 | Lair:8   | Entered Level 8 of the Lair of Beasts
 26990 | Lair:7   | Received a gift from Sif Muna
 26990 | Lair:7   | Reached skill level 14 in Spellcasting
 27116 | Lair:7   | Got an ichor-stained helmet
 27122 | Lair:7   | Identified the +2 helmet "Mayget Imaw" {rElec rN+ Str-4 Dex-2 SInv} (You found it on level 7 of the Lair of Beasts)
 27122 | Lair:7   | Lost strength.
 27277 | Lair:2   | Learned a level 5 spell: Bolt of Magma
 27622 | Lair:6   | Gained mutation: Your flesh is cold resistant. [potion of beneficial mutation]
 27675 | Lair:6   | Found a staircase to the Slime Pits.
 28133 | Lair:7   | Reached XP level 14. HP: 79/79 MP: 2/38
 28299 | Lair:8   | Noticed Maud
 28309 | Lair:7   | Killed Maud
 30143 | Lair:8   | Reached skill level 10 in Conjurations
 31657 | Lair:8   | Reached skill level 10 in Fire Magic
 32260 | D:10     | Bought a book of the Sky for 780 gold pieces
 32375 | Lair:2   | Learned a level 6 spell: Bolt of Fire
 32383 | Lair:2   | Learned a level 6 spell: Iron Shot
 32504 | Orc:1    | Entered Level 1 of the Orcish Mines
 32829 | Orc:4    | Entered Level 4 of the Orcish Mines
 32836 | Orc:2    | Found Ifumnerph's Food Boutique.
 33813 | Orc:2    | Found a deep blue altar of Sif Muna.
 33851 | Orc:2    | Found a roughly hewn altar of Beogh.
 33881 | Orc:2    | Found a radiant altar of Vehumet.
 34257 | Orc:3    | Found a bloodstained altar of Trog.
 34260 | Orc:3    | Received a gift from Sif Muna
 34261 | Orc:3    | Identified Sif Muna's Papyrus of Creative Battle Magic (Sif Muna gifted it to you on level 3 of the Orcish Mines)
 34274 | Orc:3    | Learned a level 4 spell: Force Lance
 34620 | Orc:3    | Noticed an orc warlord
 34628 | Orc:3    | Killed an orc warlord
 34645 | Orc:3    | Reached skill level 10 in Invocations
 35587 | Orc:4    | Found a roughly hewn altar of Beogh.
 35899 | Orc:4    | Found a staircase to the Elven Halls.
 36673 | Orc:4    | Found Tyryxtuy's General Store.
 36674 | Orc:4    | Found Wuatik's Distillery.
 37019 | Orc:4    | Bought a potion of haste for 120 gold pieces
 37019 | Orc:4    | Bought a potion of heal wounds for 60 gold pieces
 37221 | Orc:4    | Reached XP level 15. HP: 84/84 MP: 18/39
 37302 | Orc:4    | Reached skill level 15 in Spellcasting
 37788 | Orc:4    | Paralysed by an orc sorcerer for 5 turns
 38255 | Orc:4    | Found Twa Chur's Gadget Boutique.
 38255 | Orc:4    | Found Roaps' Antique Armour Shop.
 38255 | Orc:4    | Found a one-way gate leading to the halls of Pandemonium.
 38266 | Orc:4    | Bought a ripped robe for 159 gold pieces
 38276 | Orc:4    | Identified the +0 robe of the Tortoise {Regen+ rCorr} (You bought it in a shop on level 4 of the Orcish Mines)
 38849 | Orc:4    | Reached skill level 10 in Dodging
 39353 | Elf:1    | Entered Level 1 of the Elven Halls
 39449 | Elf:1    | Found a radiant altar of Vehumet.
 39451 | Elf:1    | Reached skill level 10 in Charms
 39584 | Elf:1    | Received a gift from Sif Muna
 39585 | Elf:1    | Identified Sif Muna's Grimoire of Arcane Weapons and Dislocation (Sif Muna gifted it to you on level 1 of the Elven Halls)
 40126 | Elf:1    | Noticed Kirke
 40799 | Elf:1    | Got an ichor-stained robe
 40810 | Elf:1    | Identified the +1 robe of Keilathro {Int+7} (You found it on level 1 of the Elven Halls)
 41086 | Elf:2    | Noticed faibistes' ghost (powerful DEWz)
 41094 | Elf:2    | Killed faibistes' ghost
 42249 | Elf:2    | Reached skill level 16 in Spellcasting
 42541 | Elf:2    | Found a huge runed gate.
 42544 | Elf:2    | Received a gift from Sif Muna
 42551 | Elf:2    | Identified Sif Muna's Volume of Unstable Displacement (Sif Muna gifted it to you on level 2 of the Elven Halls)
 42615 | Elf:2    | Found a huge runed gate.
 42615 | Elf:2    | Found a huge runed gate.
 42616 | Elf:2    | Found a huge runed gate.
 42617 | Elf:2    | Found a huge runed gate.
 43114 | Lair:2   | Learned a level 4 spell: Airstrike
 43592 | Elf:2    | Reached XP level 16. HP: 90/90 MP: 24/40
 44143 | Elf:2    | Noticed a deep elf blademaster
 44146 | Elf:2    | Killed a deep elf blademaster
 44146 | Elf:2    | Reached skill level 10 in Earth Magic
 45325 | Lair:2   | Learned a level 5 spell: Ignite Poison
 45334 | Lair:2   | Learned a level 7 spell: Ring of Flames
 45513 | Spider:1 | Entered Level 1 of the Spider Nest
 45513 | Spider:1 | Noticed Nessos
 45515 | Spider:1 | Killed Nessos
 45899 | Spider:1 | Got a twisted hand axe
 45900 | Spider:1 | Identified the +1 hand axe of Exuz {venom, +Blink rF+ Int-2 Stlth+} (You found it on level 1 of the Spider Nest)
 46279 | Spider:1 | Received a gift from Sif Muna
 46280 | Spider:1 | Identified Sif Muna's Papyrus of Freezing Confrontation (Sif Muna gifted it to you on level 1 of the Spider Nest)
 48714 | Spider:2 | Reached skill level 17 in Spellcasting
 49522 | Spider:3 | Noticed Arachne
 49535 | Spider:3 | Killed Arachne
 50432 | Spider:3 | Reached XP level 17. HP: 97/97 MP: 35/41
 51007 | Spider:3 | Received a gift from Sif Muna
 51008 | Spider:3 | Identified Lehudib's Reference Book on Confrontation (Sif Muna gifted it to you on level 3 of the Spider Nest)
 51430 | Spider:4 | Reached skill level 10 in Translocations
 51871 | Spider:5 | Entered Level 5 of the Spider Nest
 52910 | Spider:4 | Got a jewelled glaive
 52911 | Spider:4 | Identified the +2 glaive "Fafrodus" {venom, rPois rF+ Int+2} (You found it on level 4 of the Spider Nest)
 54169 | Spider:5 | Received a gift from Sif Muna
 54170 | Spider:5 | Identified Sif Muna's Tome of Combat Magic and Weightlessness (Sif Muna gifted it to you on level 5 of the Spider Nest)
 55472 | Spider:5 | Got a gossamer rune of Zot
 55673 | Lair:2   | Learned a level 6 spell: Deflect Missiles
 55679 | Lair:2   | Learned a level 4 spell: Airstrike
 55858 | D:11     | Noticed a cyan ugly thing
 55861 | D:11     | Killed a cyan ugly thing
 55953 | D:12     | Noticed a hill giant
 55961 | D:11     | Killed a hill giant
 56573 | D:12     | Noticed a hill giant
 56580 | D:12     | Killed a hill giant
 57256 | D:11     | Noticed Gastronok
 57261 | D:11     | Killed Gastronok
 57803 | D:12     | Noticed a green very ugly thing
 57809 | D:12     | Killed a green very ugly thing
 57912 | D:12     | Got a shimmering war axe
 57913 | D:12     | Identified the +9 war axe "Ysost" {chop, rC+ Dex+2} (You found it on level 12 of the Dungeon)
 58336 | D:13     | Found a burning altar of Makhleb.
 58862 | D:12     | Found Psisuk's Book Emporium.
 58938 | D:12     | Got a pitted dagger
 58939 | D:12     | Identified the +4 dagger "Qieharel" {flame, *Rage Int+4 Dex+5} (You found it on level 12 of the Dungeon)
 60028 | D:13     | Reached skill level 18 in Spellcasting
 60799 | D:13     | Reached XP level 18. HP: 103/103 MP: 32/42
 60834 | D:13     | Received a gift from Sif Muna
 60836 | D:13     | Identified Sif Muna's Catalogue of Dusty Transformation (Sif Muna gifted it to you on level 13 of the Dungeon)
 61410 | D:15     | Entered Level 15 of the Dungeon
 61451 | D:14     | Noticed Erica
 61454 | D:14     | Killed Erica
 62624 | D:14     | Found a gate to the Vaults.
 63130 | D:15     | Got a crude dagger
 63131 | D:15     | Identified the +6 dagger of Haimabb {pierce, Int+8} (You found it on level 15 of the Dungeon)
 63937 | D:15     | Found a staircase to the Depths.
 64956 | Lair:2   | Learned a level 7 spell: Controlled Blink
 64989 | Shoals:1 | Entered Level 1 of the Shoals
 65027 | Shoals:1 | Noticed Urug
 65031 | Shoals:1 | Killed Urug
 65204 | Shoals:1 | Received a gift from Sif Muna
 65205 | Shoals:1 | Identified Mnuvus' Compendium of Dislocation and Transformation (Sif Muna gifted it to you on level 1 of the Shoals)
 66169 | Shoals:1 | Identified the Papyrus of Ashen Aid (You acquired it on level 1 of the Shoals)
 67778 | Shoals:3 | Noticed Norris
 67783 | Shoals:3 | Killed Norris
 68728 | Shoals:2 | Reached skill level 19 in Spellcasting
 69046 | Shoals:2 | Found Miadin's General Store.
 69254 | Shoals:2 | Reached XP level 19. HP: 92/110 MP: 18/44
 69560 | Lair:2   | Learned a level 6 spell: Poisonous Cloud
 69970 | Shoals:5 | Entered Level 5 of the Shoals
 69984 | Shoals:5 | Noticed Ilsuiw
 70167 | Shoals:5 | Killed Ilsuiw
 70345 | Shoals:4 | Found Pnugharu's Antique Armour Emporium.
 70370 | Shoals:4 | Received a gift from Sif Muna
 70388 | Shoals:4 | Identified Sif Muna's Collected Works on Flight (Sif Muna gifted it to you on level 4 of the Shoals)
 73049 | Shoals:4 | Found Ytaunit's Food Boutique.
 73792 | Shoals:4 | Found Zilidimo's Antique Weapon Shop.
 73855 | Shoals:4 | Found Otoc's Assorted Antiques.
 73876 | Shoals:4 | Bought a glowing helmet for 166 gold pieces
 74060 | Shoals:4 | Found Haigalea's Weapon Shoppe.
 74749 | Shoals:5 | Received a gift from Sif Muna
 74760 | Shoals:5 | Identified Sif Muna's Catalogue of Igneous Confrontation (Sif Muna gifted it to you on level 5 of the Shoals)
 75566 | Shoals:5 | Reached skill level 20 in Spellcasting
 76334 | Shoals:5 | Reached skill level 15 in Fire Magic
 76337 | Shoals:5 | Reached XP level 20. HP: 112/117 MP: 25/45
 76586 | Shoals:5 | Got a barnacled rune of Zot
 76958 | Lair:2   | Reached skill level 15 in Conjurations
 76979 | Lair:2   | Learned a level 5 spell: Ignite Poison
 77152 | Vaults:1 | Entered Level 1 of the Vaults
 77337 | Vaults:1 | Found Schabbir's Armour Shop.
 77438 | Vaults:1 | Bought a +2 robe of the Archmagi for 565 gold pieces
 78017 | Vaults:1 | Reached skill level 15 in Earth Magic
 78212 | Vaults:1 | Identified the Volume of Arcane Weapons (You acquired it on level 1 of the Vaults)
 78255 | Vaults:1 | Reached skill level 10 in Fighting
 78618 | Vaults:1 | Received a gift from Sif Muna
 78619 | Vaults:1 | Identified Stoulecs' Almanac of the Entourage and the Mountains (Sif Muna gifted it to you on level 1 of the Vaults)
 82003 | Vaults:2 | Gained mutation: You have sharp toenails. [potion of beneficial mutation]
 82008 | Vaults:2 | Received a gift from Sif Muna
 82009 | Vaults:2 | Identified Sif Muna's Almanac of Creative Orientation (Sif Muna gifted it to you on level 2 of the Vaults)
 82404 | Vaults:2 | Found a glowing silver altar of Zin.
 82572 | Vaults:2 | Found a staircase to the Crypt.
 82583 | Vaults:2 | Noticed Nikola
 82587 | Vaults:2 | Killed Nikola
 82821 | Vaults:2 | Reached skill level 21 in Spellcasting
 83391 | Vaults:2 | Reached XP level 21. HP: 123/123 MP: 33/46
 83472 | Vaults:2 | Found Tromacea's Antique Armour Boutique.
 83480 | Vaults:2 | Bought a pair of runed gloves for 171 gold pieces
 83751 | Lair:2   | Learned a level 5 spell: Lee's Rapid Deconstruction
 84801 | Vaults:3 | Got a smoking robe
 84812 | Vaults:3 | Identified the cursed -4 robe "Junuu" {rPois} (You took it off an elf on level 3 of the Vaults)
 85081 | Vaults:3 | Received a gift from Sif Muna
 87891 | Vaults:4 | Received a gift from Sif Muna
 88894 | Vaults:4 | Reached skill level 22 in Spellcasting
 90119 | Depths:1 | Entered Level 1 of the Depths
 90270 | Depths:1 | Reached XP level 22. HP: 83/130 MP: 37/47
 90836 | Depths:1 | Found a shattered altar of Ashenzari.
 90879 | Depths:1 | Found a one-way gate to the infinite horrors of the Abyss.
 90886 | Depths:1 | Found a gateway to Hell.
 90965 | Depths:1 | Received a gift from Sif Muna
 90966 | Depths:1 | Identified Sif Muna's Grimoire of Combat Magic (Sif Muna gifted it to you on level 1 of the Depths)
 91436 | Depths:2 | Gained mutation: Your spells are a little harder to cast, but a little more powerful. [potion of beneficial mutation]
 91610 | Depths:2 | Lost mutation: Your spells are a little harder to cast, but a little more powerful. [potion of cure mutation]
 91610 | Depths:2 | Lost mutation: Your flesh is cold resistant. [potion of cure mutation]
 91610 | Depths:2 | Lost mutation: You have sharp toenails. [potion of cure mutation]
 92129 | Depths:1 | Found Psoanwiw's Magic Scroll Emporium.
 92137 | Depths:1 | Bought a scroll of teleportation for 39 gold pieces
 92137 | Depths:1 | Bought a scroll of immolation for 45 gold pieces
 92137 | Depths:1 | Bought a scroll of summoning for 123 gold pieces
 92289 | Depths:2 | Found a gateway to a ziggurat.
 92683 | Depths:2 | Noticed faibistes' ghost (great DEWz)
 92721 | Depths:2 | Noticed a caustic shrike
 92791 | Depths:2 | Received a gift from Sif Muna
 92989 | Depths:2 | Killed a caustic shrike
 94421 | Depths:2 | Killed faibistes' ghost
 94421 | Depths:2 | Received a gift from Sif Muna
 94421 | Depths:2 | Reached XP level 23. HP: 129/136 MP: 20/47
 94422 | Depths:2 | Identified Harenna's Catalogue of Congealing Confrontation (Sif Muna gifted it to you on level 2 of the Depths)
 94750 | Depths:2 | Noticed a caustic shrike
 94980 | Depths:2 | Reached skill level 23 in Spellcasting
 95150 | Depths:2 | Killed a caustic shrike
 96634 | Depths:2 | Received a gift from Sif Muna
 96637 | Depths:2 | Identified Sif Muna's Compendium of Helpful Dislocation (Sif Muna gifted it to you on level 2 of the Depths)
 96835 | Depths:2 | Found Qikhir's Distillery.
 96836 | Depths:2 | Found Ocareoxi's Armour Shoppe.
 96837 | Depths:2 | Found Ceas' Weapon Emporium.
 96838 | Depths:2 | Found Xeomaeg's Armour Shop.
 96847 | Depths:2 | Bought a potion of resistance for 120 gold pieces
 96847 | Depths:2 | Bought a potion of curing for 36 gold pieces
 96847 | Depths:2 | Bought a potion of heal wounds for 60 gold pieces
 96847 | Depths:2 | Bought a potion of resistance for 120 gold pieces
 96851 | Depths:2 | Bought a +1 cloak of magic resistance for 330 gold pieces
 97515 | Orc:4    | Bought a scroll of enchant armour for 97 gold pieces
 98490 | Depths:3 | Got a steaming robe
 98501 | Depths:3 | Identified the +0 robe of the Ant {rPois rF- Int+2 Dex+3 Slay+2} (You took it off a deep elf annihilator on level 3 of the Depths)
 98966 | Depths:3 | Noticed faibistes' ghost (great DEWz)
 98971 | Depths:3 | Killed faibistes' ghost
 99439 | Depths:3 | Noticed an ancient lich
 99445 | Depths:3 | Killed an ancient lich
 99636 | Depths:5 | Entered Level 5 of the Depths
 99800 | Depths:3 | Received a gift from Sif Muna
 99801 | Depths:3 | Identified Sif Muna's Catalogue of Dusty Changing (Sif Muna gifted it to you on level 3 of the Depths)
100735 | Depths:4 | Reached XP level 24. HP: 142/142 MP: 33/48
101438 | Depths:4 | Reached skill level 24 in Spellcasting
101725 | Depths:4 | Received a gift from Sif Muna
101729 | Depths:4 | Identified Sif Muna's Collected Works on Creation (Sif Muna gifted it to you on level 4 of the Depths)
102702 | Depths:4 | Found a runed door.
102771 | Depths:4 | Found a runed door.
103174 | Lair:2   | Learned a level 9 spell: Fire Storm
104555 | Depths:5 | Received a gift from Sif Muna
105021 | Depths:5 | Identified a +0 rod of destruction (9/9) (You took it off a minotaur on level 5 of the Depths)
106053 | Depths:5 | Found a gate to the Realm of Zot.
106448 | Lair:2   | Learned a level 6 spell: Freezing Cloud
106453 | Lair:2   | Learned a level 4 spell: Airstrike
106796 | Elf:3    | Entered Level 3 of the Elven Halls
106796 | Elf:3    | Found Otraint's Assorted Antiques.
107217 | Elf:3    | Received a gift from Sif Muna
107218 | Elf:3    | Identified Imuicy's Collected Works on Companions (Sif Muna gifted it to you on level 3 of the Elven Halls)
107234 | Elf:3    | Reached XP level 25. HP: 107/148 MP: 41/49
107255 | Elf:3    | Reached skill level 1 in Ice Magic
108033 | Elf:3    | Reached skill level 25 in Spellcasting
108298 | Elf:3    | Got a pitted amber ring
108310 | Elf:3    | Got a crude cloak
108321 | Elf:3    | Identified the +2 cloak "Osuth" {rElec MP+9 Str+2} (You found it on level 3 of the Elven Halls)
108435 | Elf:3    | Identified the ring "Keages" {MP+9 Str+3} (You took it off a deep elf demonologist on level 3 of the Elven Halls)
108634 | Elf:3    | Found Gac Iman's Antique Weapon Shoppe.
108657 | Elf:3    | Bought a scroll of blinking for 225 gold pieces
108843 | Elf:3    | Found Faniap's Distillery.
108852 | Elf:3    | Bought a potion of heal wounds for 65 gold pieces
108852 | Elf:3    | Bought a potion of heal wounds for 65 gold pieces
108852 | Elf:3    | Bought a potion of cure mutation for 455 gold pieces
108852 | Elf:3    | Bought a potion of heal wounds for 65 gold pieces
108852 | Elf:3    | Bought a potion of restore abilities for 65 gold pieces
108852 | Elf:3    | Bought a potion of restore abilities for 65 gold pieces
108852 | Elf:3    | Bought a potion of invisibility for 104 gold pieces
109090 | Elf:3    | Noticed Agnes
109092 | Elf:3    | Killed Agnes
109104 | Elf:3    | Received a gift from Sif Muna
109149 | Elf:3    | Found Pnigh's One-of-a-Kind Books.
110005 | Lair:2   | Learned a level 6 spell: Haste
110312 | Vaults:5 | Entered Level 5 of the Vaults
110959 | Vaults:5 | Received a gift from Sif Muna
111282 | Vaults:5 | Reached skill level 5 in Ice Magic
111438 | Vaults:5 | Identified Sif Muna's Disquisition on the Entourage (Sif Muna gifted it to you on level 5 of the Vaults)
112142 | Vaults:5 | Reached XP level 26. HP: 156/156 MP: 50/50
112363 | Vaults:5 | Received a gift from Sif Muna
112364 | Vaults:5 | Identified Plegh's Papyrus of Transmigration and Stones (Sif Muna gifted it to you on level 5 of the Vaults)
112371 | Vaults:5 | Noticed an ancient lich
112559 | Vaults:5 | Killed an ancient lich
113302 | Vaults:5 | Reached skill level 26 in Spellcasting
113754 | Vaults:5 | Found Psiamm Klatt's Distillery.
113821 | Vaults:5 | Bought a potion of heal wounds for 75 gold pieces
113821 | Vaults:5 | Bought a potion of curing for 45 gold pieces
113821 | Vaults:5 | Bought a potion of curing for 45 gold pieces
113942 | Vaults:5 | Received a gift from Sif Muna
113943 | Vaults:5 | Identified Sif Muna's Collected Works on Assistive Necromancy (Sif Muna gifted it to you on level 5 of the Vaults)
113954 | Vaults:5 | Learned a level 3 spell: Regeneration
114079 | Vaults:5 | Reached skill level 1 in Necromancy
114456 | Vaults:5 | Found Diem's Gadget Emporium.
114463 | Vaults:5 | Found Istraonte's Gadget Shop.
114795 | Vaults:5 | Found Qeruz's Magic Scroll Shop.
114802 | Vaults:5 | Bought a scroll of fear for 70 gold pieces
114802 | Vaults:5 | Bought a scroll of teleportation for 60 gold pieces
114802 | Vaults:5 | Bought 2 scrolls of teleportation for 120 gold pieces
114802 | Vaults:5 | Bought a scroll of recharging for 190 gold pieces
114802 | Vaults:5 | Bought a scroll of fog for 40 gold pieces
114923 | Vaults:5 | Found Aloown's Food Shoppe.
114935 | Vaults:5 | Found Skaofoinn's Distillery.
114940 | Vaults:5 | Bought a potion of heal wounds for 55 gold pieces
114940 | Vaults:5 | Bought a potion of resistance for 110 gold pieces
114940 | Vaults:5 | Bought a potion of cure mutation for 385 gold pieces
114940 | Vaults:5 | Bought a potion of brilliance for 44 gold pieces
114964 | Vaults:5 | Got a silver rune of Zot
116108 | Slime:1  | Entered Level 1 of the Pits of Slime
116696 | Slime:4  | Received a gift from Sif Muna
116697 | Slime:4  | Identified Sif Muna's Volume of Necromancy (Sif Muna gifted it to you on level 4 of the Pits of Slime)
117155 | Slime:6  | Entered Level 6 of the Pits of Slime
117177 | Slime:6  | Noticed pedritolo's ghost (powerful SpEn)
117178 | Slime:6  | Killed pedritolo's ghost
117295 | Slime:6  | Reached skill level 10 in Ice Magic
117297 | Slime:6  | Noticed pedritolo's ghost (mighty SpEn)
117302 | Slime:6  | Killed pedritolo's ghost
117312 | Slime:6  | Noticed the royal jelly
117314 | Slime:6  | Killed the royal jelly
117314 | Slime:6  | Reached XP level 27. HP: 161/163 MP: 22/50
117553 | Slime:6  | Reached skill level 5 in Necromancy
118048 | Slime:6  | Got a slimy rune of Zot
118530 | Slime:6  | Got a pitted arbalest
118531 | Slime:6  | Identified the +8 arbalest "Bashrur" {velocity, rPois rC+ Int-2 Dex+2} (You found it on level 6 of the Pits of Slime)
118714 | Lair:2   | Learned a level 9 spell: Glaciate
119127 | Hell     | Entered the Vestibule of Hell
119127 | Hell     | Noticed Geryon
119128 | Hell     | Received a gift from Sif Muna
119135 | Hell     | Killed Geryon
120035 | Hell     | Reached skill level 27 in Spellcasting
120043 | Hell     | Found a gateway to the freezing wastes of Cocytus.
120055 | Hell     | Gained mutation: Armour fits poorly on your strangely shaped body. [a cacodemon]
120353 | Hell     | Received a gift from Sif Muna
120568 | Depths:1 | Learned a level 9 spell: Shatter
120781 | Hell     | Found a gateway to the Iron City of Dis.
120914 | Hell     | Found a gateway to the ashen valley of Gehenna.
121046 | Hell     | Found a gateway to the decaying netherworld of Tartarus.
121437 | Hell     | Lost mutation: Armour fits poorly on your strangely shaped body. [potion of cure mutation]
121626 | Zot:1    | Entered Level 1 of the Realm of Zot
121640 | Zot:1    | Found an opulent altar of Gozag.
121687 | Zot:1    | Found an ancient bone altar of Kikubaaqudgha.
121692 | Zot:1    | Found an opulent altar of Gozag.
122259 | Zot:1    | Received a gift from Sif Muna
122260 | Zot:1    | Identified Waocs' Tome of the End (Sif Muna gifted it to you on level 1 of the Realm of Zot)
123622 | Zot:1    | Identified Kikubaaqudgha's Grimoire of Darkness
124231 | Zot:2    | Reached skill level 10 in Necromancy
124243 | Zot:2    | Noticed an orb of fire
124248 | Zot:2    | Killed an orb of fire
124248 | Zot:2    | Received a gift from Sif Muna
124249 | Zot:2    | Identified Sif Muna's Reference Book on Summoning (Sif Muna gifted it to you on level 2 of the Realm of Zot)
125187 | Zot:3    | Noticed an orb of fire
125192 | Zot:3    | Killed an orb of fire
125513 | Zot:2    | Received a gift from Sif Muna
125514 | Zot:2    | Identified Roghisab's Volume of Companions (Sif Muna gifted it to you on level 2 of the Realm of Zot)
126542 | Hell     | Learned a level 8 spell: Necromutation
127067 | Zot:2    | Learned a level 8 spell: Lehudib's Crystal Spear
127098 | Zot:3    | Reached skill level 15 in Fighting
127191 | Zot:3    | Received a gift from Sif Muna
127235 | Zot:3    | Identified Sif Muna's Tome of Quantum Calling (Sif Muna gifted it to you on level 3 of the Realm of Zot)
127682 | Zot:4    | Received a gift from Sif Muna
127987 | Zot:5    | Entered Level 5 of the Realm of Zot
128103 | Zot:5    | Reached skill level 15 in Ice Magic
128601 | Zot:5    | Noticed an ancient lich
128603 | Zot:5    | Killed an ancient lich
128627 | Zot:5    | Noticed an orb of fire
128632 | Zot:5    | Killed an orb of fire
128704 | Zot:5    | Received a gift from Sif Muna
128706 | Zot:5    | Noticed an orb of fire
128711 | Zot:5    | Killed an orb of fire
129055 | Zot:5    | Noticed an orb of fire
129058 | Zot:5    | Noticed an ancient lich
129059 | Zot:5    | Killed an orb of fire
129059 | Zot:5    | Reached skill level 15 in Necromancy
129426 | Zot:5    | Noticed an orb of fire
129870 | Zot:5    | Killed an orb of fire
129893 | Zot:4    | Received a gift from Sif Muna
129894 | Zot:4    | Identified Sif Muna's Incunabulum of the Entourage (Sif Muna gifted it to you on level 4 of the Realm of Zot)
130126 | Zot:5    | Noticed an ancient lich
130130 | Zot:5    | Killed an ancient lich
130220 | Zot:5    | Noticed an orb of fire
130225 | Zot:5    | Killed an orb of fire
130522 | Zot:5    | Received a gift from Sif Muna
130547 | Zot:5    | Noticed an ancient lich
130549 | Zot:5    | Killed an ancient lich
130623 | Zot:5    | Killed an ancient lich
131188 | Crypt:1  | Entered Level 1 of the Crypt
131241 | Crypt:1  | Noticed Margery
131245 | Crypt:1  | Killed Margery
131590 | Crypt:1  | Noticed Frederick
131594 | Crypt:1  | Killed Frederick
131715 | Crypt:1  | Noticed Jorgrun
131718 | Crypt:1  | Killed Jorgrun
131973 | Crypt:2  | Received a gift from Sif Muna
132010 | Crypt:3  | Entered Level 3 of the Crypt
132370 | Crypt:2  | Reached skill level 5 in Transmutations
134046 | Crypt:3  | Found an ancient bone altar of Kikubaaqudgha.
134779 | Crypt:3  | Gained mutation: You have large cloven feet. [potion of beneficial mutation]
134782 | Crypt:3  | Received a gift from Sif Muna
135608 | Crypt:3  | Found a staircase to the Tomb.
135635 | Crypt:3  | Got a smoking short sword
135637 | Crypt:3  | Identified the +0 short sword of Xarohun {vamp, rF+ Stlth+} (You found it on level 3 of the Crypt)
135930 | Tomb:1   | Entered Level 1 of the Tomb of the Ancients
136121 | Vaults:5 | Bought a wand of hasting (4) for 528 gold pieces
137270 | Tomb:1   | Received a gift from Sif Muna
137579 | Tomb:1   | Noticed faibistes' ghost (legendary DEWz)
137580 | Tomb:1   | Killed faibistes' ghost
138444 | Tomb:1   | Reached skill level 10 in Transmutations
139615 | Tomb:1   | Received a gift from Sif Muna
141545 | Tomb:1   | Received a gift from Sif Muna
142294 | Tomb:2   | Noticed Jory
142298 | Tomb:2   | Killed Jory
142503 | Tomb:3   | Entered Level 3 of the Tomb of the Ancients
143310 | Tomb:2   | Received a gift from Sif Muna
143915 | Tomb:3   | Noticed an ancient lich
143917 | Tomb:3   | Killed an ancient lich
144130 | Tomb:3   | Noticed an ancient lich
144133 | Tomb:3   | Killed an ancient lich
144133 | Tomb:3   | Reached skill level 15 in Invocations
144414 | Tomb:3   | Got a pair of faintly humming boots
144425 | Tomb:3   | Identified the cursed +0 pair of boots of Cynn {Slay+2} (You found it on level 3 of the Tomb of the Ancients)
144445 | Tomb:3   | Got a jewelled dagger
144446 | Tomb:3   | Identified the +10 dagger of Hard Scrabble {flame, rC+ rN+} (You found it on level 3 of the Tomb of the Ancients)
144574 | Tomb:3   | Got a golden rune of Zot
145301 | Depths:1 | Voluntarily entered the Abyss.
145497 | Abyss:1  | Found a blossoming altar of Fedhas.
145557 | Abyss:1  | Found a shadowy altar of Dithmenos.
145636 | Abyss:1  | Found a shadowy altar of Dithmenos.
145959 | Abyss:2  | Received a gift from Sif Muna
146615 | Abyss:4  | Noticed an ancient lich
146619 | Abyss:4  | Killed an ancient lich
147235 | Abyss:5  | Entered Level 5 of the Abyss
147235 | Abyss:5  | Found a corrupted altar of Lugonu.
147235 | Abyss:5  | Found a corrupted altar of Lugonu.
147235 | Abyss:5  | Found a corrupted altar of Lugonu.
147310 | Abyss:5  | Received a gift from Sif Muna
147647 | Abyss:5  | Found a corrupted altar of Lugonu.
147936 | Abyss:5  | Paralysed by accursed screaming for 1 turns
148135 | Abyss:5  | HP: 7/172 [starcursed mass/accursed screaming (8)]
148254 | Abyss:5  | Received a gift from Sif Muna
148998 | Abyss:5  | Received a gift from Sif Muna
149033 | Abyss:5  | Got an abyssal rune of Zot
149077 | Abyss:5  | HP: 5/173 [daeva/divine providence (11)]
149077 | Abyss:5  | Killed from afar by a starcursed mass

Action                   |  1- 3 |  4- 6 |  7- 9 | 10-12 | 13-15 | 16-18 | 19-21 | 22-24 | 25-27 || total
-------------------------+-------+-------+-------+-------+-------+-------+-------+-------+-------++-------
Melee: Unarmed           |    22 |    17 |       |       |       |       |       |       |       ||    39
       Quarterstaff      |       |     4 |    41 |   157 |   107 |     9 |       |       |       ||   318
       Glaive            |       |       |       |       |       |    43 |    30 |       |       ||    73
       Staff             |       |       |       |       |       |       |       |     1 |    19 ||    20
 Cast: Magic Dart        |    94 |   173 |   398 |   392 |    94 |    13 |       |       |       ||  1164
       Call Imp          |    10 |     1 |       |    13 |       |       |       |       |       ||    24
       Mephitic Cloud    |     2 |    12 |    25 |    29 |     9 |       |       |       |       ||    77
       Conjure Flame     |     2 |     8 |    42 |    63 |    51 |       |       |       |       ||   166
       Blink             |     1 |     4 |     4 |    13 |     6 |     4 |       |       |       ||    32
       Repel Missiles    |       |     2 |     4 |     2 |       |       |       |       |       ||     8
       Fireball          |       |       |       |   105 |   285 |   266 |   214 |   126 |     9 ||  1005
       Sticky Flame      |       |       |       |    78 |    66 |       |       |       |       ||   144
       Ignite Poison     |       |       |       |     7 |    15 |   119 |    24 |    21 |       ||   186
       Summon Forest     |       |       |       |     2 |    13 |       |       |       |       ||    15
       Iskenderun's Batt |       |       |       |       |    26 |    14 |     6 |     4 |       ||    50
       Bolt of Magma     |       |       |       |       |    12 |       |       |       |       ||    12
       Stone Arrow       |       |       |       |       |     2 |       |       |       |       ||     2
       Bolt of Fire      |       |       |       |       |   101 |   263 |   242 |   224 |   427 ||  1257
       Force Lance       |       |       |       |       |    29 |    65 |    49 |    32 |    59 ||   234
       Iron Shot         |       |       |       |       |    10 |    32 |    47 |    95 |    37 ||   221
       Airstrike         |       |       |       |       |       |    62 |    26 |       |       ||    88
       Ring of Flames    |       |       |       |       |       |    50 |    53 |    34 |   135 ||   272
       Deflect Missiles  |       |       |       |       |       |     4 |     8 |     5 |     7 ||    24
       Controlled Blink  |       |       |       |       |       |     1 |     4 |     5 |    25 ||    35
       Poisonous Cloud   |       |       |       |       |       |       |    40 |     8 |       ||    48
       Lee's Rapid Decon |       |       |       |       |       |       |    93 |   154 |   116 ||   363
       Fire Storm        |       |       |       |       |       |       |       |    17 |   653 ||   670
       Haste             |       |       |       |       |       |       |       |       |    42 ||    42
       Freezing Cloud    |       |       |       |       |       |       |       |       |     6 ||     6
       Necromutation     |       |       |       |       |       |       |       |       |   220 ||   220
       Lehudib's Crystal |       |       |       |       |       |       |       |       |   200 ||   200
       Glaciate          |       |       |       |       |       |       |       |       |   156 ||   156
       Shatter           |       |       |       |       |       |       |       |       |    65 ||    65
Invok: Channel Energy    |       |       |       |    18 |    36 |   135 |   190 |   225 |  2690 ||  3294
       Forget Spell      |       |       |       |       |     3 |     6 |     2 |       |     6 ||    17
 Abil: Stop Flying       |       |       |       |       |       |     1 |     1 |       |       ||     2
       Evoke Flight      |       |       |       |       |       |     1 |     1 |       |       ||     2
       End Transformatio |       |       |       |       |       |       |       |       |     4 ||     4
Evoke: Wand              |       |       |       |     1 |       |     2 |     1 |       |    22 ||    26
  Use: Scroll            |       |       |    16 |    13 |    13 |    17 |     9 |    14 |    38 ||   120
       Potion            |       |       |       |       |     1 |     7 |     8 |     6 |    27 ||    49
 Stab: Confused          |       |     3 |     3 |     1 |       |       |       |       |       ||     7
  Eat: Chunk             |     3 |     9 |    19 |    39 |    67 |    80 |    92 |    83 |    82 ||   474
       Fruit             |       |       |       |     3 |     2 |    18 |     9 |       |     3 ||    35
       Royal jelly       |       |       |       |       |     1 |     1 |       |       |     1 ||     3
       Beef jerky        |       |       |       |       |     1 |       |     8 |       |     2 ||    11
       Pizza             |       |       |       |       |     1 |       |     1 |     1 |     4 ||     7
       Bread ration      |       |       |       |       |       |       |       |       |    11 ||    11
       Meat ration       |       |       |       |       |       |       |       |       |     1 ||     1
